 Dungeon Crawl Stone Soup version 0.21-a0-352-g5b8f553 (webtiles) character file.

180 Dominolapin the Shield-Bearer (level 5, -1/53 HPs)
             Began as an Ogre Earth Elementalist on Oct 11, 2017.
             Was a Follower of Fedhas.
             Slain by a troll (13 damage)
             ... on level 4 of the Dungeon.
             The game lasted 00:04:12 (2713 turns).

Dominolapin the Shield-Bearer (OgEE)                Turns: 2713, Time: 00:04:12

Health: -1/53      AC:  3    Str: 12    XL:     5   Next: 60%
Magic:  9/9        EV:  5    Int: 17    God:    Fedhas [*.....]
Gold:   181        SH: 11    Dex:  9    Spells: 8/9 levels left

rFire    + . .     SeeInvis .   o - +0 whip (venom)
rCold    . . .     Gourm    .   g - +0 large shield
rNeg     . . .     Faith    .   c - +0 robe
rPois    .         Spirit   .   (helmet restricted)
rElec    .         Reflect  .   (no cloak)
rCorr    .         Harm     .   (gloves unavailable)
MR       .....                  (boots unavailable)
Stlth    +.........             (no amulet)
HPRegen  0.17/turn              l - ring of protection from fire
MPRegen  0.11/turn              (no ring)

@: drained
A: unfitting armour, tough skin 1
a: Fungal Bloom, Evolution, Renounce Religion


You were on level 4 of the Dungeon.
You worshipped Fedhas.
Fedhas was aware of your devotion.
You were near starving.

You visited 1 branch of the dungeon, and saw 4 of its levels.

You collected 181 gold pieces.


Innate Abilities, Weirdness & Mutations

You are too large for most types of armour.
You have tough skin. (AC +1)


   Skills:
 + Level 3.1(2.7) Fighting
   Level 1.3(1.0) Polearms
 - Level 1.7(1.4) Dodging
 - Level 1.4(1.0) Stealth
 * Level 3.1(2.7) Shields
 - Level 2.9(2.6) Spellcasting
   Level 0.8(0.5) Transmutations
 - Level 3.0(2.7) Earth Magic
 + Level 0.0 Invocations


You had 8 spell levels left.
You knew the following spells:

 Your Spells              Type           Power        Failure   Level  Hunger
a - Sandblast             Erth           ##....       63%         1    #......

Inventory:

Hand Weapons
 o - a +0 whip of venom (weapon)
Missiles
 b - 88 stones (quivered)
Armour
 c - a +0 robe (worn)
 g - a +0 large shield (worn)
Jewellery
 l - a ring of protection from fire (left hand)
Scrolls
 a - a scroll of enchant armour {unknown}
 f - a scroll of immolation {!r}
 h - a scroll of fear {unknown}
 j - 2 scrolls of identify {unknown}
 n - a scroll of fog {unknown}
 p - a scroll of remove curse {unknown}
 r - a scroll of teleportation {unknown}
Potions
 i - a potion of flight {unknown}
 k - a potion of mutation {unknown}
 m - a potion of haste {unknown}
 q - a potion of curing {unknown}
Books
 e - a book of Geomancy

   Spells                             Type                      Level
   a - Sandblast                      Earth                        1
   b - Passwall                       Transmutation/Earth          2
   c - Stone Arrow                    Conjuration/Earth            3
   d - Petrify                        Transmutation/Earth          4
   e - Lee's Rapid Deconstruction     Earth                        5
Comestibles
 d - 4 bread rations {@e1}

Dungeon Overview and Level Annotations

Branches:
Dungeon (4/15)
 Temple: D:4-7

Altars:
Ashenzari
Elyvilon
Fedhas

.........###.
#...........
(##......h..#
............#
#....W....# ..#
%.#.......?.# #.#
........# #.#
..##.##T# ..#
..##.##@#########.#
...............##.#
.##...##f#####.##.#
............##.##.#
###...#..##....<..#
### #..#####.####
#..#####.#
#........#
#.########


You could see a troll, a phantom, a hound and a friendly wandering mushroom.


Message History

There is a stone staircase leading up here.
Found 12 gold pieces.
A troll comes into view.
The troll shouts!
You see here 12 gold pieces.
You now have 181 gold pieces (gained 12).
A phantom comes into view.
Found a bread ration and 11 stones.
You block the troll's attack. The troll claws you.
You block the troll's attack. The phantom hits you.
Found a scroll labeled GUDWAILUMA.
The phantom blinks!
You hit the troll.
The troll is poisoned.
The troll is lightly wounded.
The troll bites you. The troll claws you! You block the troll's attack.
Your shield prevents you from hitting the troll.
The troll is lightly wounded.
The troll bites you!
* * * LOW HITPOINT WARNING * * *
A hound comes into view.
The hound barks!
You block the troll's attack. The troll claws you.
* * * LOW HITPOINT WARNING * * *
You barely miss the troll.
The troll is lightly wounded.
You block the troll's attack. The troll claws you.
* * * LOW HITPOINT WARNING * * *
The troll claws you!
You die...
Fedhas appreciates your contribution to the ecosystem.

Skill      XL: |  1  2  3  4  5 |
---------------+----------------+-----
Earth Magic    | 3 |  3.0
Fighting       | 1 2 3 |  3.1
Shields        | 1 2 3 |  3.1
Polearms       | 1 |  1.3
Dodging        | |  1.7
Stealth        | |  1.4
Spellcasting   | |  2.9
Transmutations | |  0.8

Action                   |  1- 3 |  4- 6 || total
-------------------------+-------+-------++-------
Melee: Unarmed           |     1 |       ||     1
       Spear             |    93 |       ||    93
       Whip              |       |    64 ||    64
       Short sword       |       |    14 ||    14
 Cast: Sandblast         |     9 |       ||     9
Invok: Fungal Bloom      |     3 |     8 ||    11
       Evolution         |       |     1 ||     1
  Use: Scroll            |       |     1 ||     1
 Stab: Sleeping          |     1 |       ||     1
  Eat: Chunk             |     2 |     2 ||     4
Armor: Robe              |    28 |    12 ||    40
Dodge: Dodged            |    23 |    12 ||    35
Block: Large shield      |    51 |    49 ||   100

Vault maps used:
D:1:      dpeg_arrival_tiny_c, serial_curves, eino_curves_01, eino_curves_04,
          eino_curves_04
D:2:      elyvilon_altar_5, first_bread, chequers_ecumenical_altar_simple_redux
D:3:      lemuel_doored_altar
D:4:      tgw_fedhas, uniq_edmund, uniq_menkaure

Notes
Turn   | Place    | Note
-------+----------+-------------------------------------------
     0 | D:1      | Dominolapin the Ogre Earth Elementalist began the quest for the Orb.
     0 | D:1      | Reached XP level 1. HP: 16/16 MP: 3/3
   131 | D:1      | Reached skill level 3 in Earth Magic
   131 | D:1      | Reached XP level 2. HP: 24/24 MP: 2/5
   945 | D:2      | Found a faded altar of an unknown god.
   993 | D:2      | Reached XP level 3. HP: 15/32 MP: 5/7
  1261 | D:2      | Reached skill level 1 in Fighting
  1261 | D:2      | Reached skill level 1 in Shields
  1411 | D:2      | Became a worshipper of Fedhas Madash
  1411 | D:2      | Reached * piety under Fedhas
  1452 | D:2      | Found a white marble altar of Elyvilon.
  1571 | D:2      | Reached skill level 1 in Polearms
  1571 | D:2      | Reached XP level 4. HP: 36/42 MP: 8/8
  1812 | D:3      | Reached skill level 2 in Fighting
  1812 | D:3      | Reached skill level 2 in Shields
  1901 | D:3      | Found a shattered altar of Ashenzari.
  2205 | D:3      | Noticed WereVolvo's ghost (amateur GnSk)
  2219 | D:3      | Killed WereVolvo's ghost
  2219 | D:3      | Reached XP level 5. HP: 41/50 MP: 7/9
  2395 | D:3      | Reached skill level 3 in Fighting
  2395 | D:3      | Reached skill level 3 in Shields
  2705 | D:4      | Noticed a troll
  2707 | D:4      | Noticed a phantom
  2713 | D:4      | Slain by a troll

Vanquished Creatures
  An orc wizard (D:3)
  An orc priest (D:2)
  An adder (D:3)
  An ooze (D:1)
  2 dart slugs
  2 leopard geckos
  7 orcs
  4 bats
  6 giant cockroaches
  6 goblins
  A hobgoblin (D:2)
  6 jackals
  2 quokkas
  A ball python (D:3)
  3 frilled lizards
  2 kobolds
  4 rats
50 creatures vanquished.

Vanquished Creatures (collateral kills)
  The ghost of WereVolvo the Charmwright, an amateur GnSk (D:3)
1 creature vanquished.

Vanquished Creatures (others)
  25 toadstools
25 creatures vanquished.

Grand Total: 76 creatures vanquished
